 Dungeon Sprint DCSS version 0.22.1-2-g9c5b331 (webtiles) character file.

739 diana the Warrior (level 7, -5/102 HPs)
             Began as an Ogre Berserker on Dec 20, 2018.
             Was a High Priest of Trog.
             Splashed by a jelly's acid (10 damage)
             ... in the Dungeon (Sprint III: "The Ten Rune Challenge").
             The game lasted 00:03:40 (832 turns).

diana the Warrior (Ogre Berserker)                   Turns: 832, Time: 00:03:41

Health: -5/102     AC: -13   Str: 22    XL:     7   Next: 75%
Magic:  7/7        EV: 10    Int:  8    God:    Trog [*****.]
Gold:   23         SH:  0    Dex: 10    Spells: 6/6 levels left

rFire    . . .     SeeInvis .   a - +0 mace
rCold    . . .     Gourm    .   (no shield)
rNeg     . . .     Faith    .   b - +0 animal skin
rPois    .         Spirit   .   (helmet restricted)
rElec    .         Reflect  .   (no cloak)
rCorr    .         Harm     .   (gloves unavailable)
MR       .....     NoTele   +   (boots unavailable)
Stlth    +.........             (no amulet)
HPRegen  0.27/turn              (no ring)
MPRegen  0.10/turn              (no ring)

@: corroded
A: large, unfitting armour, tough skin 1
a: Berserk, Trog's Hand, Brothers in Arms, Renounce Religion


You were in the Dungeon.
You worshipped Trog.
Trog was extremely pleased with you.
You were near starving.

You visited 1 branch You collected 23 gold pieces.

Inventory:

Hand Weapons
 a - a +0 mace (weapon)
Armour
 b - a +0 animal skin (worn)
 l - a +0 robe
Scrolls
 i - a scroll of blinking
 j - 3 scrolls of identify {unknown}
 k - a scroll of fog {unknown}
 n - 2 scrolls of immolation {unknown}
 o - 2 scrolls of remove curse
 q - a scroll of holy word {unknown}
 r - a scroll of fear {unknown}
Potions
 d - 2 potions of curing
 f - a potion of haste
 g - 2 potions of magic
 h - a potion of berserk rage
 m - 2 potions of mutation {unknown}
 p - 3 potions of flight
 s - a potion of resistance {unknown}
Comestibles
 c - 3 rations


   Skills:
 * Level 16.6 Fighting
 + Level 9.2 Maces & Flails
 - Level 2.6 Dodging


You had 6 spell levels left.
You didn't know any spells.
Your spell library was empty.

Dungeon Overview and Level Annotations

Branches:
Dungeon (1/1)

Altars:
Dithmenos
Elyvilon
Kikubaaqudgha
Okawaru
Ru
Sif Muna
Trog
Uskayaw
Vehumet
Wu Jian
Yredelemnul
Zin
The Shining One
Beogh


Innate Abilities, Weirdness & Mutations

You are too large for most types of armour.
You have tough skin. (AC +1)


Message History

* * * LOW HITPOINT WARNING * * *
You barely miss the jelly.
The jelly is severely wounded.
The jelly hits you.
* * * LOW HITPOINT WARNING * * *
The acid corrodes you!
You are splashed with acid!
The acid burns!
* * * LOW HITPOINT WARNING * * *
You completely miss the jelly.
The jelly is severely wounded.
The jelly hits you.
* * * LOW HITPOINT WARNING * * *
The acid corrodes you!
You are splashed with acid!
The acid burns!
* * * LOW HITPOINT WARNING * * *
You hit the jelly but do no damage.
Your hands burn!
* * * LOW HITPOINT WARNING * * *
The jelly is severely wounded.
The jelly hits you.
* * * LOW HITPOINT WARNING * * *
You are splashed with acid!
The acid burns!
You die...

▓▓▓ ▓▓▓ ..♣♣♣
♣.############ ....♣♣
♣♣.#___#___#__# .....♣
♣..#...#__.#$_#
...≈♣♣♣♣♣.###'#!###†##
..≈≈...♣♣.#....).....#
.≈≈≈≈.♣♣..+.⌠...@J...#
.≈≈≈≈≈≈♣..#...######'#
≈≈≈≈≈≈....#.⌠.# .#
≈≈≈≈≈.....#...# .#
≈≈≈.......#)### .#
..........#.):# %+
..........#___# .#
▓▓▓▓▓▓▓▓▓▓▓▓▓▓▓ ▓▓


You could see a jelly.

Vanquished Creatures
  A shadow (D)
  A water elemental (D)
  A scorpion (D)
  Jessica (D)
  A wizard (D)
  A human (D)
  A kobold demonologist (D)
  2 oozes (D)
  A rat (D)
10 creatures vanquished.

Vanquished Creatures (collateral kills)
  A deep elf mage (D)
  2 humans (D)
  A necrophage (D)
  A necromancer (D)
5 creatures vanquished.

Vanquished Creatures (others)
  2 draconian scorchers (D)
  6 hellions (D)
  A yaktaur (D)
  4 plants (D)
13 creatures vanquished.

Grand Total: 28 creatures vanquished

Notes
Turn   | Place    | Note
-------+----------+-------------------------------------------
     0 | D        | diana the Ogre Berserker began the quest for the Orb.
     0 | D        | Reached XP level 1. HP: 24/24 MP: 1/1
     6 | D        | Reached skill level 5 in Fighting
    10 | D        | Reached skill level 6 in Fighting
    10 | D        | Reached XP level 2. HP: 22/36 MP: 2/2
   103 | D        | Killed a hellion
   120 | D        | Noticed Jessica
   121 | D        | Reached ** piety under Trog
   137 | D        | Killed Jessica
   137 | D        | Reached skill level 7 in Fighting
   137 | D        | Reached XP level 3. HP: 32/48 MP: 3/3
   139 | D        | Killed a yaktaur
   181 | D        | Killed a hellion
   184 | D        | Killed a hellion
   207 | D        | Killed a white draconian scorcher
   220 | D        | Killed a hellion
   235 | D        | Noticed a scorpion
   252 | D        | Killed a scorpion
   252 | D        | Reached skill level 9 in Fighting
   252 | D        | Reached skill level 5 in Maces & Flails
   252 | D        | Reached XP level 4. HP: 48/61 MP: 4/4
   289 | D        | Killed a hellion
   316 | D        | Killed a hellion
   367 | D        | Reached *** piety under Trog
   367 | D        | Reached skill level 10 in Fighting
   446 | D        | Killed a white draconian scorcher
   637 | D        | Noticed a water elemental
   642 | D        | Killed a water elemental
   642 | D        | Reached skill level 11 in Fighting
   642 | D        | Reached XP level 5. HP: 72/74 MP: 5/5
   748 | D        | Found a radiant altar of Vehumet.
   748 | D        | Found a deep blue altar of Sif Muna.
   748 | D        | Found an ancient bone altar of Kikubaaqudgha.
   750 | D        | Noticed a hellwing
   750 | D        | Reached skill level 12 in Fighting
   754 | D        | Reached **** piety under Trog
   783 | D        | Found a glowing silver altar of Zin.
   785 | D        | Found a glowing golden altar of the Shining One.
   785 | D        | Found a white marble altar of Elyvilon.
   785 | D        | Noticed a deep elf mage
   787 | D        | Killed a deep elf mage
   787 | D        | Reached skill level 14 in Fighting
   787 | D        | Reached XP level 6. HP: 89/89 MP: 6/6
   790 | D        | Found a hide-covered altar of Uskayaw.
   790 | D        | Found a roughly hewn altar of Beogh.
   790 | D        | Found an iron altar of Okawaru.
   790 | D        | Found a bloodstained altar of Trog.
   790 | D        | Found an ornate altar of the Wu Jian Council.
   790 | D        | Noticed a human
   790 | D        | Noticed a human
   792 | D        | Killed a human
   792 | D        | Reached skill level 15 in Fighting
   792 | D        | Reached XP level 7. HP: 98/98 MP: 7/7
   794 | D        | Killed a human
   798 | D        | Found a basalt altar of Yredelemnul.
   798 | D        | Found a shadowy altar of Dithmenos.
   798 | D        | Found a sacrificial altar of Ru.
   805 | D        | Reached ***** piety under Trog
   811 | D        | Noticed a shadow
   819 | D        | Killed a shadow
   819 | D        | Reached skill level 16 in Fighting
   832 | D        | HP: 5/102 [acid (5)]
   832 | D        | Splashed by a jelly's acid

Skill      XL: |  1  2  3  4  5  6  7 |
---------------+----------------------+-----
Fighting       | 6 7 9 11 14 15 16 | 16.6
Maces & Flails | 3 4 5 6 8 9 |  9.2
Dodging        | |  2.6

Action                   |  1- 3 |  4- 6 |  7- 9 || total
-------------------------+-------+-------+-------++-------
Melee: Mace              |    28 |    23 |    19 ||    70
Invok: Berserk           |       |     3 |       ||     3
       Brothers in Arms  |       |     1 |       ||     1
  Use: Potion            |       |       |     1 ||     1
  Eat: Chunk             |       |     1 |       ||     1
Armor: Animal skin       |     9 |     3 |     1 ||    13
Dodge: Dodged            |    16 |     8 |     4 ||    28
